 Dungeon Sprint DCSS version 0.30-a0-802-gb92711bcdf (webtiles) character file.

Game seed: 4632628146011195028

14 rocky1 the Digger (level 2, -1/16 HPs)
             Began as a Deep Elf Earth Elementalist on Feb 23, 2023.
             Was an Initiate of Cheibriados.
             Slain by a river rat (4 damage)
             ... in the Dungeon (Sprint VII: "The Pits").
             The game lasted 00:00:49 (79 turns).

rocky1 the Digger (Deep Elf Earth Elementalist)       Turns: 79, Time: 00:00:50

Health: -1/16      AC:  2    Str:  6    XL:     2   Next: 31%
Magic:  3/9        EV: 13    Int: 20    God:    Cheibriados [......]
Gold:   0          SH:  0    Dex: 16    Spells: 8/9 levels left

rFire   . . .      SeeInvis .    k - +2 quarterstaff
rCold   . . .      Faith    .    (shield currently unavailable)
rNeg    . . .      Spirit   .    a - +0 robe
rPois   .          Reflect  .    (no helmet)
rElec   .          Harm     .    (no cloak)
rCorr   .          Rampage  .    (no gloves)
Will    .....      NoTele   +    (no boots)
Stlth   ++                       (no amulet)
HPRegen 0.22/turn                (no ring)
MPRegen 0.11/turn                (no ring)

@: very slow
A: no striking features
a: Renounce Religion


You were in the Dungeon.
You worshipped Cheibriados.
Cheibriados was noncommittal.
You visited 1 branch

Inventory:

Hand Weapons
 k - a +2 quarterstaff (weapon)
Armour
 a - a +0 robe (worn)
Scrolls
 g - a scroll of blinking
 i - 5 scrolls of amnesia
 j - a scroll of butterflies
Potions
 b - 5 potions of magic
 c - a potion of curing
 d - a potion of heal wounds
 e - a potion of haste
 f - 3 potions of berserk rage
 h - 2 potions of invisibility


   Skills:
 + Level 0.8 Fighting
 + Level 3.6 Dodging
 - Level 2.4 Stealth
 + Level 4.2 Spellcasting
 - Level 1.1 Transmutations
 + Level 4.5 Earth Magic
 + Level 1.2 Invocations


You had 8 spell levels left.
You knew the following spells:

 Your Spells              Type           Power      Damage    Failure   Level
a - Sandblast             Erth           44%        2d11      1%          1

Your spell library contained the following spells:

 Spells                   Type           Power      Damage    Failure   Level
 Passwall                 Tmut/Erth      12%        N/A       6%          2
 Stone Arrow              Conj/Erth      26%        3d8       14%         3
 Petrify                  Tmut/Erth      15%        N/A       36%         4


Dungeon Overview and Level Annotations

Branches:
Dungeon (1/1)

Altars:
Ashenzari
Cheibriados
Dithmenos
Elyvilon
Fedhas
Gozag
Hepliaklqana
Kikubaaqudgha
Makhleb
Nemelex Xobeh
Okawaru
Qazlal
Ru
Sif Muna
Trog
Uskayaw
Vehumet
Wu Jian
Xom
Yredelemnul
Zin
The Shining One
Jiyva
Lugonu


Message History

There is an open door here.
You open the door.
An adder and a river rat come into view.
Casting: Sandblast (safe; 2% risk of failure)
Confirm with . or Enter, or press ? or * to list all spells.
Aiming: Sandblast (safe; 2% risk of failure)
Press: ? - help, Shift-Dir - straight line, f - adder
Aim: an adder (asleep, 100% to hit)
The blast of sand hits the adder!
You kill the adder!
Cheibriados appreciates the change of pace.
Your Spellcasting skill increases to level 4!
Your Invocations skill increases to level 1!
You have reached level 2!
Aiming: Sandblast (safe; 1% risk of failure)
Press: ? - help, Q - select action Shift-Dir - straight line, f - river rat
Aim: a river rat (81% to hit)
The blast of sand hits the river rat.
The river rat is moderately wounded.
Aiming: Sandblast (safe; 1% risk of failure)
Press: ? - help, Q - select action Shift-Dir - straight line, f/p - river rat
Aim: a river rat (moderately wounded, 81% to hit)
The blast of sand misses the river rat.
The river rat misses you.
Aiming: Sandblast (safe; 1% risk of failure)
Press: ? - help, Q - select action Shift-Dir - straight line, f/p - river rat
Aim: a river rat (moderately wounded, 81% to hit)
The blast of sand hits the river rat.
The river rat is heavily wounded.
The river rat bites you!
Ouch! That really hurt!
The river rat bites you.
* * * LOW HITPOINT WARNING * * *
Aiming: Sandblast (safe; 1% risk of failure)
Press: ? - help, Q - select action Shift-Dir - straight line, f/p - river rat
Aim: a river rat (heavily wounded, 81% to hit)
The blast of sand hits the river rat.
The river rat is severely wounded.
The river rat bites you.
You die...

############
#_________.#
#_________.#
#_______...###########++
##########'##...........
#.?(.')))'.##......#..#.
##########.##...........
#.......@...'...........
#+#####r#####......#..#.
...# #........... .....#
####'#####++ ###+###
#.......# #.......#
#.......# #...<...#
#.......#


You could see a river rat.

Vanquished Creatures
  An adder (D)
  An ufetubus (D)
2 creatures vanquished.

Notes
Turn   | Place    | Note
-------+----------+-------------------------------------------
     0 | D        | rocky1 the Deep Elf Earth Elementalist began the quest for
                  | the Orb.
     0 | D        | Reached XP level 1. HP: 10/10 MP: 6/6
    20 | D        | Found a bloodstained altar of Trog.
    20 | D        | Found a shimmering blue altar of Sif Muna.
    20 | D        | Found a viscous altar of Jiyva.
    20 | D        | Found a hazy altar of Hepliaklqana.
    20 | D        | Found an opulent altar of Gozag.
    21 | D        | Found a glowing golden altar of the Shining One.
    21 | D        | Found a glowing silver altar of Zin.
    21 | D        | Found a basalt altar of Yredelemnul.
    21 | D        | Found a shimmering altar of Xom.
    21 | D        | Found an ornate altar of the Wu Jian Council.
    21 | D        | Found a sacrificial altar of Ru.
    21 | D        | Found a stormy altar of Qazlal.
    21 | D        | Found an iron altar of Okawaru.
    21 | D        | Found a sparkling altar of Nemelex Xobeh.
    21 | D        | Found a burning altar of Makhleb.
    21 | D        | Found a blossoming altar of Fedhas.
    21 | D        | Found a white marble altar of Elyvilon.
    21 | D        | Found a shadowy altar of Dithmenos.
    21 | D        | Found a snail-covered altar of Cheibriados.
    25 | D        | Found a corrupted altar of Lugonu.
    25 | D        | Found a radiant altar of Vehumet.
    26 | D        | Found a broken altar of Ashenzari.
    26 | D        | Found an ancient bone altar of Kikubaaqudgha.
    26 | D        | Found a hide-covered altar of Uskayaw.
    34 | D        | Became a worshipper of Cheibriados the Contemplative
    76 | D        | Reached skill level 1 in Invocations
    76 | D        | Reached XP level 2. HP: 16/16 MP: 7/9
    79 | D        | Slain by a river rat

Illustrated notes

Levels and vault maps discovered:
D:        pitsprint [storerooms_1, entrance_room_1, metal_vault_3, armoury_2,
          mini_pit_1, grid_room_1, main_hall_1, silver_pit, the_coven_1,
          the_vestibule_1, steel_vault_1, golden_pit, hallway_of_sentries,
          crystal_vault_2, iron_vault_1, final_vault]

Skill      XL: |  1 |
---------------+----+-----
Dodging        | 3 |  3.6
Earth Magic    | 4 |  4.5
Spellcasting   | 4 |  4.2
Invocations    | 1 |  1.2
Fighting       | |  0.8
Stealth        | |  2.4
Transmutations | |  1.1

Action                     || total
---------------------------++-------
   Cast: Sandblast         ||     8
  Dodge: Dodged            ||     8

Table legend: (Time is in decaauts)
 A = Elapsed time spent in this place.
 B = Non-inter-level travel time spent in this place.
 C = Inter-level travel time spent in this place.
 D = Time resting spent in this place.
 E = Time spent auto-exploring this place.
 F = Levels seen in this place.
 G = Mean time per level.
                   A        B        C        D        E       F      G
               +--------+--------+--------+--------+--------+-----+--------+
         Total |     91 |     91 |      0 |      0 |      0 |   1 |   91.0 |
       Dungeon |     91 |     91 |      0 |      0 |      0 |   1 |   91.0 |
               +--------+--------+--------+--------+--------+-----+--------+

Top non-repeatable levels by time:
       D: 91 daAuts
